 Dungeon Crawl Stone Soup version 0.21-a0-417-g0adc95b (webtiles) character file.

854 Cryoshakespeare the Cleaver (level 8, 74/74 HPs)
             Began as an Ogre Gladiator on Nov 3, 2017.
             Was a Follower of Uskayaw.
             Quit the game on level 5 of the Dungeon.
             The game lasted 00:06:55 (5252 turns).

Cryoshakespeare the Cleaver (Ogre Gladiator)        Turns: 5252, Time: 00:06:55

Health: 74/74      AC:  4    Str: 19    XL:     8   Next: 1%
Magic:  8/8        EV: 10    Int:  9    God:    Uskayaw [*.....]
Gold:   181        SH:  0    Dex: 12    Spells: 7/7 levels left

rFire    . . .     SeeInvis .   y - +0 giant spiked club
rCold    . . .     Gourm    .   (shield currently unavailable)
rNeg     . . .     Faith    .   b - +0 robe
rPois    .         Spirit   .   c - +0 hat
rElec    .         Reflect  .   u - +0 cloak
rCorr    .         Harm     .   (gloves unavailable)
MR       .....                  (boots unavailable)
Stlth    +.........             s - amulet of rage
HPRegen  0.22/turn              (no ring)
MPRegen  0.11/turn              (no ring)

@: no status effects
A: unfitting armour, tough skin 1
a: Stomp, Renounce Religion, Evoke Berserk Rage


You were on level 5 of the Dungeon.
You worshipped Uskayaw.
Uskayaw was noncommittal.
You were near starving.

You visited 1 branch of the dungeon, and saw 5 of its levels.

You collected 181 gold pieces.

Inventory:

Hand Weapons
 a - a +0 war axe
 y - a +0 giant spiked club (weapon)
Missiles
 d - 3 throwing nets (quivered)
Armour
 b - a +0 robe (worn)
 c - a +0 hat (worn)
 u - a +0 cloak (worn)
Jewellery
 s - an amulet of rage (around neck)
Wands
 p - a wand of polymorph (12/24)
Scrolls
 e - 5 scrolls of identify {unknown}
 g - 3 scrolls of teleportation {unknown}
 i - a scroll of enchant armour {unknown}
 j - a scroll of remove curse {unknown}
 n - 3 scrolls of noise {unknown}
 o - a scroll of enchant weapon {unknown}
 q - a scroll of magic mapping {unknown}
 r - a scroll of blinking {unknown}
 t - a scroll of immolation {unknown}
 x - a scroll of random uselessness {unknown}
 z - a scroll of recharging {unknown}
Potions
 m - a potion of might {unknown}
 v - a potion of berserk rage {unknown}
 w - 2 potions of heal wounds {unknown}
Comestibles
 f - 3 bread rations
 h - 2 royal jellies
 k - 6 meat rations
 l - 4 fruits


   Skills:
 - Level 2.6 Fighting
 - Level 8.7(8.9) Axes
 * Level 2.5(5.6) Maces & Flails
 - Level 2.0 Throwing
 - Level 2.6 Dodging
 - Level 0.3 Evocations


You had 7 spell levels left.
You didn't know any spells.

Dungeon Overview and Level Annotations

Branches:
Dungeon (5/15)
 Temple: D:4-7

Altars:
Elyvilon
Nemelex Xobeh
Sif Muna
Uskayaw
Xom


Innate Abilities, Weirdness & Mutations

You are too large for most types of armour.
You have tough skin. (AC +1)


Message History

The crimson imp shouts, "Begone, thou rough-hewn hell-hated minnow reeky!"
The crimson imp hits you.
A crimson imp is nearby!
You thump the crimson imp!
You kill the crimson imp!
You have reached level 8!
Found a leather armour.
There is a fountain of sparkling water here.
v - a puce potion
z - a scroll labeled LALUPT PI LOEV You see here a leather armour.
You are near starving!
Done exploring.
Done exploring.
Quiver which item? (- for none, * to show all) (? for menu, Esc to quit)
That's the wrong kind of item! (Use * to select it.) Quiver which item? (- for none, * to show all) (? for menu, Esc to quit)
Okay, then.
Unknown command.
Are you sure you want to abandon this character and quit the game? (Confirm with "yes".)

######### ........#
...####.# ##.####.#
#...##.###########
##.#........(...@.#
...####.#########.#
........# #.#
#.####### #.# #.#
####### #.# #.#
#.....# #.#
#.###.....# #.#
#.........# #.#
..###.....# #[#


There were no monsters in sight!

Vanquished Creatures
  2 ogres (D:5)
  A centaur (D:5)
  A bullfrog (D:3)
  A scorpion (D:4)
  A howler monkey (D:5)
  2 crimson imps (D:5)
  A centaur zombie (D:5)
  A jelly (D:5)
  2 hounds
  Crazy Yiuf (D:4)
  A centaur skeleton (D:5)
  An iguana (D:5)
  2 worker ants (D:4)
  Robin (D:3)
  3 gnolls (D:4)
  An adder (D:3)
  A worm (D:2)
  A dart slug (D:1)
  3 leopard geckos (D:1)
  4 orcs
  3 ball pythons
  8 bats
  3 giant cockroaches
  14 goblins
  9 hobgoblins
  3 jackals (D:1)
  A quokka (D:1)
  3 frilled lizards
  6 kobolds
  12 rats
93 creatures vanquished.

Notes
Turn   | Place    | Note
-------+----------+-------------------------------------------
     0 | D:1      | Cryoshakespeare the Ogre Gladiator began the quest for the Orb.
     0 | D:1      | Reached XP level 1. HP: 22/22 MP: 1/1
    70 | D:1      | Reached XP level 2. HP: 29/29 MP: 2/2
   149 | D:1      | Reached skill level 4 in Axes
   182 | D:1      | Reached XP level 3. HP: 24/36 MP: 3/3
   360 | D:1      | You fall through a shaft!
   725 | D:2      | Found a deep blue altar of Sif Muna.
  1446 | D:1      | Reached XP level 4. HP: 37/44 MP: 4/4
  2013 | D:3      | Noticed a bullfrog
  2026 | D:3      | Noticed Robin
  2032 | D:3      | Killed a bullfrog
  2032 | D:3      | Reached skill level 5 in Axes
  2032 | D:3      | Reached XP level 5. HP: 38/50 MP: 5/5
  2047 | D:3      | Killed Robin
  2047 | D:3      | Reached skill level 6 in Axes
  2208 | D:3      | Found a white marble altar of Elyvilon.
  2322 | D:3      | Found a hide-covered altar of Uskayaw.
  2325 | D:3      | Noticed a hand axe
  2326 | D:3      | Noticed an enchanted dagger
  2330 | D:3      | Became a worshipper of Uskayaw the Reveler
  2840 | D:4      | Reached * piety under Uskayaw
  2947 | D:4      | Reached ** piety under Uskayaw
  2982 | D:4      | Reached XP level 6. HP: 10/59 MP: 4/6
  3353 | D:4      | Found a runed door.
  3391 | D:4      | Noticed Crazy Yiuf
  3397 | D:4      | Killed Crazy Yiuf
  3609 | D:4      | Reached skill level 7 in Axes
  3902 | D:5      | Entered Level 5 of the Dungeon
  3904 | D:5      | Found a shimmering altar of Xom.
  4004 | D:5      | Reached XP level 7. HP: 21/66 MP: 0/7
  4151 | D:5      | Reached *** piety under Uskayaw
  4158 | D:5      | Reached skill level 8 in Axes
  4774 | D:5      | Reached skill level 1 in Maces & Flails
  5223 | D:5      | Found a sparkling altar of Nemelex Xobeh.
  5230 | D:5      | Reached XP level 8. HP: 70/74 MP: 8/8
  5252 | D:5      | Quit the game

Vault maps used:
D:1:      onia_arrival_larder
D:2:      kennysheep_big_flooded_room, marbit_many_paths, minmay_pentomino_w2
D:3:      dancing_weapons_uskayaw, elyvilon_altar_3, first_bread, uniq_robin
D:4:      uniq_crazy_yiuf_cottage
D:5:      lemuel_crystal_altar, nemelex_xobeh_ov_fountains_minmay,
          corexii_item_surrounded_by_moat

Skill      XL: |  1  2  3  4  5  6  7 |
---------------+----------------------+-----
Axes           | 4 5 6 7 8 |  8.7
Maces & Flails | 2 |  2.5
Fighting       | |  2.6
Throwing       | |  2.0
Dodging        | |  2.6
Evocations     | |  0.3

Action                   |  1- 3 |  4- 6 |  7- 9 || total
-------------------------+-------+-------+-------++-------
Melee: War axe           |   101 |   120 |    37 ||   258
       Giant spiked club |       |       |    13 ||    13
Invok: Line Pass         |       |     1 |     1 ||     2
       Stomp             |       |     3 |       ||     3
 Abil: Evoke Berserk Rag |       |     1 |       ||     1
  Use: Potion            |       |     5 |       ||     5
 Stab: Sleeping          |     5 |       |       ||     5
       Confused          |       |     1 |       ||     1
  Eat: Chunk             |     1 |     9 |     4 ||    14
Armor: Robe              |    40 |    26 |     9 ||    75
       Skin              |       |    30 |       ||    30
Dodge: Dodged            |    78 |    74 |    24 ||   176

Table legend:
 A = Spawn XP
 B = Non-spawn XP
 C = Spawn XP percentage of total XP
 D = Spawn monster count
 E = Non-spawn monster count
 F = Spawn count percentage of total count
 G = Total turns spent on level
                    A         B        C        D         E        F      G
               +---------+---------+-------+---------+---------+-------+---------
         Total |       0 |    1220 |   0.0 |       0 |      93 |   0.0 |  5252
               +---------+---------+-------+---------+---------+-------+---------
           D:1 |       0 |      65 |   0.0 |       0 |      36 |   0.0 |   898
           D:2 |       0 |      33 |   0.0 |       0 |      18 |   0.0 |  1082
           D:3 |       0 |     148 |   0.0 |       0 |      17 |   0.0 |   713
           D:4 |       0 |     269 |   0.0 |       0 |      10 |   0.0 |  1209
           D:5 |       0 |     705 |   0.0 |       0 |      12 |   0.0 |  1350
               +---------+---------+-------+---------+---------+-------+---------
